 Dungeon Crawl Stone Soup version 0.30-b1-2-g02819fbbbe (webtiles) character file.

Game seed: 1976446669424709719

219 nicanaca0 the Cudgeller (level 5, 0/46 HPs)
             Began as a Minotaur Berserker on Jan 3, 2024.
             Was a Believer of Trog.
             Splashed by a jelly's acid (7 damage)
             ... on level 4 of the Dungeon.
             The game lasted 00:06:58 (2808 turns).

nicanaca0 the Cudgeller (Minotaur Berserker)        Turns: 2808, Time: 00:06:58

Health: 0/46       AC:  1    Str: 21    XL:     5   Next: 63%
Magic:  4/4        EV:  6    Int:  6    God:    Trog [**....]
Gold:   235        SH:  0    Dex: 10    Spells: 4/4 levels left

rFire   . . .        a - +0 mace
rCold   . . .        (no shield)
rNeg    . . .        g - +0 plate armour
rPois   .            (helmet restricted)
rElec   .            n - +0 cloak
rCorr   .            c - +0 pair of gloves
SInv    .            (no boots)
Will    .....        (no amulet) Stlth
                     (no ring)
HPRegen 0.27/turn    (no ring)
MPRegen 0.09/turn

%: no passive effects
@: corroded
A: horns 2, retaliatory headbutt
a: Renounce Religion, Berserk, Trog's Hand


You were on level 4 of the Dungeon.
You worshipped Trog.
Trog was pleased with you.
You visited 1 branch of the dungeon, and saw 4 of its levels.

You collected 235 gold pieces.

Inventory:

Hand Weapons
 a - a +0 mace (weapon)
 m - a +0 flail
 q - a +0 great mace
Missiles
 p - 6 poisoned darts (quivered)
 s - a silver javelin
Armour
 c - a +0 pair of gloves (worn)
 g - a +0 plate armour (worn)
 n - a +0 cloak (worn)
Jewellery
 d - a +6 ring of dexterity
 l - a ring of positive energy
 r - a ring of willpower
Wands
 u - a wand of flame (21)
Scrolls
 h - a scroll of fog
 i - a scroll of identify {@r1}
 j - a scroll of immolation
 t - a scroll of vulnerability {unknown}
Potions
 b - a potion of attraction {unknown}
 e - a potion of lignification
 f - a potion of haste


   Skills:
 + Level 3.8 Fighting
 * Level 7.5 Maces & Flails
 + Level 2.7 Armour
 - Level 2.1 Dodging


You had 4 spell levels left.
You didn't know any spells.
Your spell library was empty.

Dungeon Overview and Level Annotations

Branches:
Dungeon (4/15)
 Temple: D:4-7

Altars:

Shops:
D:3 *


Innate Abilities, Weirdness & Mutations

You have a pair of horns on your head.
You reflexively headbutt those who attack you in melee.


Message History

p - 5 poisoned darts (gained 1)
p - 6 poisoned darts (gained 1)
o - 5 curare-tipped darts (gained 1)
t - a scroll labelled ZOECSU SAFOA You see here a +0 dagger.
u - a wand of flame (21)
Found a spear.
You see here a +0 club.
A jelly comes into view.
The jelly quivers.
A jelly is nearby!
You throw a curare-tipped dart. The curare-tipped dart hits the jelly.
You throw a curare-tipped dart. The curare-tipped dart hits the jelly.
You throw a curare-tipped dart. The curare-tipped dart hits the jelly.
You throw a curare-tipped dart. The curare-tipped dart hits the jelly.
You throw a curare-tipped dart. The curare-tipped dart hits the jelly.
You hit the jelly. The acid corrodes you!
Your hands burn!
Your headbutt misses the jelly.
The jelly is moderately wounded.
The jelly hits you but does no damage.
You sock the jelly!
Your hands burn!
The jelly is severely wounded.
The jelly hits you.
You are splashed with acid!
The jelly hits you. The acid corrodes you!
You are splashed with acid!
You hit the jelly but do no damage.
Your hands burn!
The jelly is severely wounded.
The jelly hits you. The acid corrodes you!
You are splashed with acid.
* * * LOW HITPOINT WARNING * * *
You hit the jelly but do no damage.
Your hands burn!
* * * LOW HITPOINT WARNING * * *
You headbutt the jelly.
The jelly is almost dead.
The jelly hits you.
* * * LOW HITPOINT WARNING * * *
You are splashed with acid!
* * * LOW HITPOINT WARNING * * *
You feel better. The jelly hits you.
* * * LOW HITPOINT WARNING * * *
You are splashed with acid!
You die...

#.#..........##§#
............<.##.#
.................#
.((.....##.....###
...(....##.##..#
....(...##†##..#
.....(.....##..###.
......J.#..##.....
........@...##..##
.......(#...[...#
#.#..###..###..#
#....# #..# #...#
##....##..# #.#..#
.. #......###.# .#
...###......##.#
##.#
#..........#..# ..#
#.....#....)..##
#..## #


You could see a jelly.

Vanquished Creatures
  A hound (D:4)
  An iguana (D:3)
  5 adders
  6 gnolls (D:2)
  A dart slug (D:4)
  2 orcs
  5 ball pythons
  4 bats
  8 endoplasms
  3 goblins
  4 hobgoblins
  7 jackals
  5 kobolds
  5 frilled lizards
  4 rats
61 creatures vanquished.

Vanquished Creatures (others)
  7 plants (D:4)
7 creatures vanquished.

Grand Total: 68 creatures vanquished

Notes
Turn   | Place    | Note
-------+----------+-------------------------------------------
     0 | D:1      | nicanaca0 the Minotaur Berserker began the quest for the
                  | Orb.
     0 | D:1      | Reached XP level 1. HP: 19/19 MP: 0/0
    53 | D:1      | Found a faded altar of an unknown god.
   101 | D:1      | Reached skill level 4 in Maces & Flails
   243 | D:1      | Reached XP level 2. HP: 7/26 MP: 1/1
   657 | D:1      | Found a faded altar of an unknown god.
  1281 | D:2      | Reached skill level 5 in Maces & Flails
  1377 | D:2      | Reached XP level 3. HP: 31/31 MP: 2/2
  1477 | D:2      | Reached XP level 4. HP: 39/39 MP: 3/3
  1489 | D:2      | Reached skill level 6 in Maces & Flails
  1621 | D:2      | Reached ** piety under Trog
  2061 | D:3      | Found Amiejat's Assorted Antiques.
  2183 | D:3      | Reached XP level 5. HP: 45/45 MP: 4/4
  2190 | D:3      | Reached skill level 7 in Maces & Flails
  2808 | D:4      | Splashed by a jelly's acid

Illustrated notes

Levels and vault maps discovered:
D:1:      scummos_arrival_star, layout_rooms, hellmonk_ecumenical_altar_zigzags
D:2:      layout_loops_ring, minmay_unequal
D:3:      layout_rooms, nicolae_overflow_hidden_temple, serial_shops, shop,
          corner_web_ring, minmay_misc_feat_square, minivault_24
D:4:      layout_rooms, mainiacjoe_overflow_alcove_2, corexii_checkpoint_a,
          serial_bayou_lagoon_b

Skill      XL: |  1  2  3  4  5 |
---------------+----------------+-----
Maces & Flails | 4 5 6 7 |  7.5
Fighting       | |  3.8
Armour         | |  2.7
Dodging        | |  2.1

Action                     |  1- 3 |  4- 6 || total
---------------------------+-------+-------++-------
  Melee: Mace              |    48 |    51 ||    99
         Headbutt          |     7 |     6 ||    13
         Punch             |       |     1 ||     1
  Throw: Stone             |    30 |    14 ||    44
         Javelin           |    17 |    19 ||    36
         Dart              |       |    24 ||    24
 Invoke: Berserk           |     1 |       ||     1
    Use: Scroll            |       |     6 ||     6
         Potion            |       |     1 ||     1
 Armour: Animal skin       |     9 |     8 ||    17
         Plate armour      |       |     3 ||     3
  Dodge: Dodged            |    30 |    29 ||    59
